 Dungeon Crawl Stone Soup version 0.29.0-11-gd7f09526c8 (webtiles) character file.

Game seed: 14780235478348834755

19003 DocSulfur the Spear-Bearer (level 13, 0/96 HPs)
             Began as a Human Delver on Sept 6, 2022.
             Was an Elder of Trog.
             Slain by a five-headed hydra (5 damage)
             ... on level 1 of the Lair of Beasts.
             The game lasted 01:11:16 (18145 turns).

DocSulfur the Spear-Bearer (Human Delver)          Turns: 18145, Time: 01:11:18

Health: 0/96       AC: 20    Str: 22    XL:     13   Next: 1%
Magic:  11/11      EV: 10    Int: 15    God:    Trog [****..]
Gold:   610        SH: 10    Dex: 12    Spells: 12/12 levels left

rFire   x x x      SeeInvis .   H - +1 scimitar (flame)
rCold   . . .      Faith    .   Q - +0 kite shield
rNeg    . . .      Spirit   .   s - +2 scale mail {rC+}
rPois   +          Reflect  .   (no helmet)
rElec   .          Harm     .   (no cloak)
rCorr   .          Rampage  .   r - +0 pair of gloves
Will    +....                   w - +0 pair of boots
Stlth   +.........              B - amulet of Elemental Vulnerability {rPois rF-- rC-- AC+8}
HPRegen 0.26/turn               l - +6 ring of strength
MPRegen 0.12/turn               V - ring of ice

@: no status effects
A: clever 1, clumsy 1, low MP 1, strong-willed 1
a: Renounce Religion, Berserk, Trog's Hand, Brothers in Arms


You were on level 1 of the Lair of Beasts.
You worshipped Trog.
Trog was greatly pleased with you.
You visited 3 branches of the dungeon, and saw 16 of its levels.

You collected 610 gold pieces.

Inventory:

Hand Weapons
 d - a +2 scythe of draining
 C - a +0 war axe
 G - a +0 morningstar
 H - a +1 scimitar of flaming (weapon)
 L - a +2 vorpal hand axe
Missiles
 e - a throwing net
 j - 100 stones
 E - 8 poisoned darts
 J - 4 boomerangs
 P - 3 javelins (quivered)
 X - 4 curare-tipped darts
Armour
 b - +0 acid dragon scales
 r - a +0 pair of gloves (worn)
 s - a +2 scale mail of cold resistance (worn)
 w - a +0 pair of boots (worn)
 Q - a +0 kite shield (worn)
Jewellery
 k - a ring of willpower
 l - a +6 ring of strength (left hand)
 m - an amulet of guardian spirit
 x - a +6 ring of strength
 B - the amulet of Elemental Vulnerability (around neck) {rPois rF-- rC-- AC+8}
   (You found it on level 5 of the Dungeon)

   [amulet of nothing]

   AC:        It affects your AC (+8).
   rF:        It makes you very vulnerable to fire.
   rC:        It makes you very vulnerable to cold.
   rPois:     It protects you from poison.
 K - a ring of positive energy
 V - a ring of ice (right hand)
Wands
 g - a wand of digging (3)
 M - a wand of polymorph (9)
 N - a wand of iceblast (6)
 O - a wand of flame (15)
Scrolls
 c - 3 scrolls of fog
 h - 3 scrolls of enchant weapon
 i - a scroll of noise {unknown}
 n - 2 scrolls of teleportation
 p - 3 scrolls of brand weapon
 q - 2 scrolls of blinking
 t - a scroll of acquirement {unknown}
 v - 4 scrolls of enchant armour
 y - 2 scrolls of summoning {unknown}
 F - 2 scrolls of vulnerability
 S - a scroll of torment {unknown}
 T - 2 scrolls of magic mapping
 U - a scroll of amnesia {unknown}
Potions
 a - 4 potions of curing
 f - a potion of cancellation
 o - a potion of heal wounds
 u - 3 potions of lignification
 z - a potion of ambrosia
 A - 3 potions of resistance
 D - a potion of might
 I - a potion of magic
 W - a potion of mutation


   Skills:
 + Level 7.2 Fighting
 - Level 0.4 Short Blades
 + Level 11.3 Polearms
 - Level 8.7 Throwing
 - Level 6.4 Armour
 + Level 4.4 Dodging
 - Level 5.2 Stealth
 - Level 9.3 Shields
 - Level 6.0 Evocations


You had 12 spell levels left.
You didn't know any spells.
Your spell library contained the following spells:

 Spells                   Type           Power      Damage    Failure   Level
 Sandblast                Erth           0%         2d4       83%         1
 Blink                    Tloc           0%         N/A       92%         2
 Passwall                 Tmut/Erth      0%         N/A       92%         2
 Poisonous Vapours        Pois/Air       0%         N/A       92%         2
 Lesser Beckoning         Tloc           0%         N/A       99%         3
 Stone Arrow              Conj/Erth      0%         3d7       99%         3
 Tukima's Dance           Hex            0%         N/A       99%         3
 Corpse Rot               Necr/Pois/Air  0%         N/A       100%        4
 Passage of Golubria      Tloc           0%         N/A       100%        4
 Manifold Assault         Tloc           0%         N/A       100%        5
 Yara's Violent Unravell  Hex/Tmut       0%         3d3       100%        5


Dungeon Overview and Level Annotations

Branches:
Dungeon (13/15)            Temple (1/1) D:4            Lair (2/5) D:9
    Orc (0/2) D:9
  Swamp: Lair:2-3    Shoals: Lair:2-3     Snake: Lair:2-3    Spider: Lair:2-3
 Vaults: D:13-14

Altars:
Ashenzari
Cheibriados
Dithmenos
Elyvilon
Fedhas
Gozag
Hepliaklqana
Kikubaaqudgha
Makhleb
Nemelex Xobeh
Okawaru
Qazlal
Ru
Sif Muna
Trog
Uskayaw
Vehumet
Wu Jian
Xom
Yredelemnul
Zin
The Shining One

Shops:
D:7 (   D:10 (   D:12 [

Annotations:
D:11 exclusion: orange crystal statue
D:12 exclusions: 2 doors and downstairs


Innate Abilities, Weirdness & Mutations

Your mind is acute. (Int +4, Str/Dex -1)
You are clumsy. (Dex -2)
Your magical capacity is low. (-10% MP)
You are strong-willed. (Will+)


Message History

You barely miss the six-headed hydra.
The six-headed hydra is lightly wounded.
You block the six-headed hydra's attack.
The six-headed hydra closely misses you.
The six-headed hydra bites you but does no damage. x4
The six-headed hydra barely misses you.
The six-headed hydra bites you but does no damage.
The six-headed hydra bites you. x2; The six-headed hydra bites you! x2
The six-headed hydra bites you! The six-headed hydra bites you. x2
You block the six-headed hydra's attack.
The six-headed hydra closely misses you.
The six-headed hydra bites you but does no damage.
You climb upwards.
There is a stone staircase leading down here.
Okay, then.
Okay, then.
Okay, then.
You chop one of the six-headed hydra's heads off!
The flame cauterises the wound!
You hit the five-headed hydra. You burn the five-headed hydra.
The five-headed hydra is lightly wounded.
The five-headed hydra bites you but does no damage.
You block the five-headed hydra's attack.
The five-headed hydra bites you!
* * * LOW HITPOINT WARNING * * *
You block the five-headed hydra's attack. x2
You barely miss the five-headed hydra.
The five-headed hydra is lightly wounded.
You block the five-headed hydra's attack.
The five-headed hydra bites you.
* * * LOW HITPOINT WARNING * * *
The five-headed hydra barely misses you.
The five-headed hydra closely misses you.
The five-headed hydra misses you. The five-headed hydra bites you.
* * * LOW HITPOINT WARNING * * *
The five-headed hydra barely misses you.
The five-headed hydra bites you!
* * * LOW HITPOINT WARNING * * *
The five-headed hydra bites you.
You die...

##.#...####...#
#........#....#
##..........#..##
#............#.(###
#.........#....#
##.8.###...#
##...###...##
#.....###...# >.
#.D@..# #8.>#
...###.....# #...#
#..#.##.)..##.....
#...#.#.8.###...#..
#....#...##.....#..
.##............#.
.#.
.........).....##..
.... ..
....##.......#....
#### .$##.
###...#######


You could see a five-headed hydra.

Vanquished Creatures
  2 hydras (Lair:1)
  The ghost of Destapler the Basher, a novice TrBe of Trog (D:9)
  Erica (D:9)
  6 two-headed ogres
  A cyclops (D:12)
  3 manticores (D:12)
  An ugly thing (D:11)
  A cane toad (Lair:1)
  Maggie (D:8)
  3 rime drakes
  Grinder (D:5)
  2 trolls
  3 shadows
  6 yaks (D:9)
  Sigmund (D:5)
  4 wraiths
  5 wyverns
  Eustachio (D:5)
  A basilisk (D:9)
  3 steam dragons
  8 vampire mosquitoes
  2 acid dragons
  8 water moccasins
  2 orc warriors
  An ice beast (D:7)
  2 sky beasts
  2 black bears
  2 ogres
  2 wolves (D:9)
  2 centaurs
  A phantom (D:6)
  A kobold brigand (D:8)
  A bullfrog (D:8)
  6 scorpions
  2 necrophages
  13 wights
  7 killer bees
  4 howler monkeys
  3 iron imps (D:9)
  A jelly (D:5)
  3 orc priests
  5 hounds
  An iguana (D:5)
  Terence (D:2)
  Natasha (thrice) (D:4)
  9 orc wizards
  8 adders
  2 shadow imps
  2 white imps (D:8)
  2 ufetubi (D:7)
  2 dart slugs
  32 orcs
  8 bats
  9 endoplasms
  4 giant cockroaches
  6 goblins
  9 hobgoblins
  9 jackals
  10 kobolds
  3 quokkas
  9 ball pythons
  2 frilled lizards
  6 rats
262 creatures vanquished.

Vanquished Creatures (others)
  5 fungi (D:9)
  17 plants
22 creatures vanquished.

Grand Total: 284 creatures vanquished

Notes
Turn   | Place    | Note
-------+----------+-------------------------------------------
     0 | D:5      | DocSulfur the Human Delver began the quest for the Orb.
     0 | D:5      | Reached XP level 1. HP: 18/18 MP: 1/1
    12 | D:4      | Noticed a hound
    14 | D:4      | Noticed a hound
    28 | D:3      | Found a hide-covered altar of Uskayaw.
   218 | D:2      | Reached XP level 2. HP: 24/24 MP: 2/2
   303 | D:2      | Noticed Terence
   399 | D:1      | Found a faded altar of an unknown god.
   410 | D:1      | Prayed at the altar of an unknown god.
   410 | D:1      | Became a worshipper of Trog the Wrathful
   410 | D:1      | Reached * piety under Trog
   736 | D:1      | Reached XP level 3. HP: 29/29 MP: 3/3
   922 | D:1      | Reached skill level 3 in Polearms
  1100 | D:1      | Reached ** piety under Trog
  1602 | D:2      | Reached XP level 4. HP: 35/35 MP: 4/4
  1871 | D:2      | Reached skill level 1 in Armour
  2514 | D:2      | Killed Terence
  2515 | D:2      | Reached XP level 5. HP: 36/41 MP: 2/5
  2709 | D:3      | Reached skill level 4 in Polearms
  3298 | D:4      | Reached skill level 1 in Throwing
  3298 | D:4      | Reached XP level 6. HP: 47/47 MP: 4/6
  3304 | D:4      | Reached skill level 5 in Polearms
  3873 | D:3      | Reached XP level 7. HP: 35/52 MP: 5/7
  4067 | D:4      | Found a staircase to the Ecumenical Temple.
  4068 | D:4      | Noticed Natasha
  4076 | D:4      | Reached *** piety under Trog
  4083 | D:4      | Killed Natasha
  4159 | D:4      | Reached skill level 6 in Polearms
  4517 | D:4      | Noticed Natasha
  4522 | D:4      | Killed Natasha
  4617 | Temple   | Entered the Ecumenical Temple
  5022 | D:4      | Noticed Natasha
  5037 | D:4      | Killed Natasha
  5038 | D:4      | Reached XP level 8. HP: 48/58 MP: 6/8
  5091 | D:5      | Found the amulet of Elemental Vulnerability {rPois rF--
                  | rC-- AC+8}
  5092 | D:5      | Noticed Grinder
  5162 | D:5      | Noticed Eustachio
  5181 | D:5      | Killed Eustachio
  5189 | D:5      | Reached skill level 7 in Polearms
  5343 | D:5      | Found a sacrificial altar of Ru.
  5343 | D:5      | Found an ancient bone altar of Kikubaaqudgha.
  5429 | D:5      | Found an ornate altar of the Wu Jian Council.
  5751 | D:5      | Found a hazy altar of Hepliaklqana.
  5752 | D:5      | Noticed Sigmund
  5753 | D:5      | Found a faded altar of an unknown god.
  5761 | D:5      | Killed Sigmund
  5762 | D:5      | Reached skill level 8 in Polearms
  5762 | D:5      | Reached skill level 5 in Armour
  5762 | D:5      | Reached XP level 9. HP: 63/63 MP: 9/9
  6070 | D:5      | Killed Grinder
  6071 | D:5      | Reached skill level 5 in Throwing
  7172 | D:7      | Reached skill level 9 in Polearms
  7830 | D:7      | Found a glowing silver altar of Zin.
  8000 | D:7      | Found Juvvomad's Weapon Boutique.
  8138 | D:7      | Found a bloodstained altar of Trog.
  8379 | D:8      | Reached XP level 10. HP: 67/67 MP: 8/10
  8534 | D:8      | Reached skill level 1 in Shields
  8627 | D:8      | Reached skill level 1 in Evocations
  8794 | D:8      | Noticed Maggie
  8818 | D:8      | Killed Maggie
 10120 | D:9      | Found a large runed translucent door.
 10121 | D:9      | Found a large runed translucent door.
 10180 | D:9      | Reached skill level 5 in Evocations
 10212 | D:9      | Noticed Destapler's ghost (novice TrBe)
 10620 | D:9      | Reached skill level 5 in Shields
 10661 | D:9      | Found a burning altar of Makhleb.
 10733 | D:9      | Found a staircase to the Orcish Mines.
 10748 | D:9      | Noticed Erica
 10773 | D:9      | Reached XP level 11. HP: 75/75 MP: 11/11
 10841 | D:10     | Entered Level 10 of the Dungeon
 11556 | D:9      | Found a staircase to the Lair.
 11597 | D:9      | Killed Erica
 11690 | D:9      | Reached **** piety under Trog
 11887 | D:9      | Found a glowing golden altar of the Shining One.
 12197 | D:10     | Found a sparkling altar of Nemelex Xobeh.
 12222 | D:10     | Noticed a two-headed ogre
 12239 | D:10     | Killed a two-headed ogre
 12680 | D:10     | Noticed a two-headed ogre
 12696 | D:10     | Killed a two-headed ogre
 12762 | D:10     | Noticed a two-headed ogre
 12774 | D:10     | Killed a two-headed ogre
 12775 | D:10     | Reached skill level 5 in Fighting
 13429 | D:10     | Found Lepnurr's Antique Weapon Shoppe.
 13721 | D:11     | Noticed a cyclops
 13722 | D:11     | a cyclops changed into a rime drake
 13734 | D:11     | Reached XP level 12. HP: 43/87 MP: 12/12
 14200 | D:11     | Noticed a two-headed ogre
 14206 | D:11     | Killed a two-headed ogre
 14425 | D:11     | Reached skill level 10 in Polearms
 14790 | D:11     | Noticed a two-headed ogre
 14809 | D:11     | Killed a two-headed ogre
 15290 | D:12     | Found Kiguhaom's Antique Armour Emporium.
 15362 | D:12     | Noticed a two-headed ogre
 15366 | D:12     | Killed a two-headed ogre
 15645 | D:12     | Noticed a boulder beetle
 17180 | D:9      | Killed Destapler's ghost
 17181 | D:9      | Reached skill level 11 in Polearms
 17450 | D:9      | Gained mutation: Your magical capacity is low. (-10% MP)
                  | [potion of mutation]
 17450 | D:9      | Gained mutation: You are strong-willed. (Will+) [potion of
                  | mutation]
 17450 | D:9      | Gained mutation: You are clumsy. (Dex -2) [potion of
                  | mutation]
 17450 | D:9      | Gained mutation: Your mind is acute. (Int +4, Str/Dex -1)
                  | [potion of mutation]
 17498 | Lair:1   | Entered Level 1 of the Lair of Beasts
 17564 | Lair:1   | Noticed an eight-headed hydra
 17820 | Lair:1   | Noticed a four-headed hydra
 17823 | Lair:1   | Killed a five-headed hydra
 17830 | Lair:1   | Killed a one-headed hydra
 18044 | Lair:2   | Reached XP level 13. HP: 90/96 MP: 11/11
 18101 | Lair:2   | Noticed a seven-headed hydra
 18145 | Lair:1   | Slain by a five-headed hydra

Illustrated notes

Levels and vault maps discovered:
D:1:      dpeg_arrival_chambers_temple_mockup, layout_loops_cross,
          ebering_ecumenical_altar_petrified
D:2:      layout_loops_ring, grunt_ministairs_2, grunt_decor_fettered,
          kennysheep_generic_room_10, uniq_terence
D:3:      cheibrodos_helix_gallery, layout_basic, eat_drink_and_be_merry_uskayaw
D:4:      layout_loops_ring, minmay_temple_entry_junction, uniq_natasha
D:5:      layout_basic, beargit_hepliaklqana_dungeon_heroes,
          gammafunk_temple_overflow_elements, mainiacjoe_overflow_paths,
          uniq_grinder, uniq_eustachio
D:6:      layout_loops_corners
D:7:      layout_basic, kennysheep_mini_moat, lightli_temple_of_fire,
          serial_shops, nicolae_shop_bloodbath_and_beyond
D:8:      layout_loops_corners, uniq_maggie
D:9:      layout_roguey, demons_altar, nicolae_tso_swordbearing_angel,
          minmay_lair_entry_grove, ebering_ghost_disaster_area,
          nrook_mini_backslash, evilmike_minifort, uniq_erica
D:10:     layout_grid_maze, nemelex_diamond_rough_becter, serial_shops, shop,
          solitary_fountain
D:11:     layout_basic, minmay_statue_bubble
D:12:     layout_gridville, serial_shops, nicolae_shop_trees
D:13:     layout_loops_ring, skrybe_vaults_entry_preservation, the_hattery,
          uniq_snorg
Temple:   hellmonk_temple_flake
Lair:1:   layout_misc_corridors, chequers_serial_rivers_room_a,
          grunt_megastairs_5
Lair:2:   layout_big_grid, minmay_shoals_entry_hut,
          minmay_snake_entry_guardpost_small

Skill      XL: |  1  2  3  4  5  6  7  8  9 10 11 12 |
---------------+-------------------------------------+-----
Polearms       | 3 4 5 6 8 9 11 | 11.3
Armour         | 1 2 3 5 6 |  6.4
Throwing       | 1 2 3 4 5 7 8 |  8.7
Shields        | 5 9 |  9.3
Evocations     | 6 |  6.0
Fighting       | 5 7 |  7.2
Dodging        | 4 |  4.4
Short Blades   | |  0.4
Stealth        | |  5.2

Action                   |  1- 3 |  4- 6 |  7- 9 | 10-12 | 13-15 || total
-------------------------+-------+-------+-------+-------+-------++-------
Melee: Spear             |    14 |       |       |       |       ||    14
       Rapier            |    29 |    11 |       |       |       ||    40
       Trident           |    67 |   128 |   333 |   122 |       ||   650
       Punch             |       |     1 |     4 |       |       ||     5
       Halberd           |       |       |       |   504 |     6 ||   510
       Scimitar          |       |       |       |     8 |     4 ||    12
Throw: Stone             |       |     1 |    23 |     3 |       ||    27
       Dart              |       |       |       |    40 |       ||    40
       Javelin           |       |       |       |     2 |       ||     2
Invok: Berserk           |       |     5 |    12 |    13 |       ||    30
       Trog's Hand       |       |       |     2 |     2 |       ||     4
Evoke: Wand              |       |       |       |    11 |       ||    11
  Use: Scroll            |     3 |     2 |     4 |     6 |     2 ||    17
       Potion            |     1 |       |     1 |     9 |       ||    11
 Stab: Sleeping          |    13 |     2 |     5 |     1 |       ||    21
       Distracted        |       |     1 |     1 |       |       ||     2
Armor: Leather armour    |    23 |       |       |       |       ||    23
       Ring mail         |     5 |    13 |       |       |       ||    18
       Scale mail        |       |    46 |   134 |   395 |    16 ||   591
       Acid dragon scale |       |       |       |     2 |       ||     2
Dodge: Dodged            |    68 |    51 |   121 |   322 |    17 ||   579
Block: Kite shield       |       |       |       |    10 |     8 ||    18
